 Dungeon Crawl Stone Soup version 0.28-a0-8-g6e044cfa68 (webtiles) character file.

Game seed: 1309220052701432273

84 Sin92 the Skirmisher (level 4, -4/35 HPs)
             Began as a Demonspawn Fighter on July 23, 2021.
             Killed by divine providence
             ... invoked by an orc priest
              (12 damage)
             ... on level 3 of the Dungeon.
             The game lasted 00:01:27 (1990 turns).

Sin92 the Skirmisher (Demonspawn Fighter)           Turns: 1990, Time: 00:01:28

Health: -4/35      AC:  9    Str: 17    XL:     4   Next: 23%
Magic:  4/4        EV:  7    Int:  9    God:
Gold:   72         SH:  9    Dex: 13    Spells: 3/3 levels left

rFire   . . .      SeeInvis .   a - +0 war axe
rCold   . . .      Faith    .   c - +0 kite shield
rNeg    . . .      Spirit   .   b - +0 scale mail
rPois   .          Reflect  .   (no helmet)
rElec   .          Harm     .   (no cloak)
rCorr   .          Rampage  .   (no gloves)
Will    .....                   (no boots)
Stlth   ..........              (no amulet)
HPRegen 0.11/turn               (no ring)
MPRegen 0.09/turn               (no ring)

@: mighty
A: hooves 1, yellow scales 2
a: no special abilities


You were on level 3 of the Dungeon.
You visited 1 branch of the dungeon, and saw 3 of its levels.

You collected 72 gold pieces.

Inventory:

Hand Weapons
 a - a +0 war axe (weapon)
Missiles
 g - 3 atropa-tipped darts (quivered)
Armour
 b - a +0 scale mail (worn)
 c - a +0 kite shield (worn)
Jewellery
 h - a +6 ring of dexterity
Wands
 k - a wand of flame (26)
Scrolls
 e - 3 scrolls of teleportation {unknown}
 f - a scroll of identify {unknown}
 i - a scroll of fear {unknown}
Potions
 j - a potion of curing {unknown}


   Skills:
 + Level 3.3 Fighting
 * Level 2.8 Axes
 + Level 3.1 Armour
 + Level 1.1 Dodging
 + Level 3.1 Shields


You had 3 spell levels left.
You didn't know any spells.
Your spell library was empty.

Dungeon Overview and Level Annotations

Branches:
Dungeon (2/15)

Altars:

Shops:
D:3 *


Innate Abilities, Weirdness & Mutations

You have large cloven feet.
You are mostly covered in yellow scales. (AC +3)


Message History

You are too injured to fight recklessly!
Unknown command.
There are monsters nearby!
You are too injured to fight recklessly!
You feel very mighty all of a sudden. You block Terence's attack.
You hit Terence. You kick Terence.
Terence is moderately wounded.
An orc comes into view. It is wielding a +0 dagger.
Terence bares his teeth.
Terence closely misses you.
An orc comes into view. It is wielding a +0 club.
You slash Terence!
You kill Terence!
Your Dodging skill increases to level 1!
You have reached level 4!
You feel agile.
Your demonic ancestry asserts itself...
Yellow scales spread over more of your body.
You closely miss the orc. You kick the orc!
You kill the orc!
The orc hits you but does no damage.
You barely miss the orc. The orc hits you but does no damage.
The orc closely misses you.
You closely miss the orc. You kick the orc!
You kill the orc!
The orc hits you but does no damage.
You closely miss the orc. The orc hits you but does no damage.
The orc closely misses you.
You slash the orc!
You kill the orc!
The orc hits you with a +0 war axe!
* * * LOW HITPOINT WARNING * * *
You barely miss the orc. Your kick misses the orc. You block the orc's attack.
You barely miss the orc. You kick the orc!
You kill the orc!
The orc hits you but does no damage.
You closely miss the orc. Your kick misses the orc. The orc barely misses you.
The orc priest invokes the aid of Beogh against you.
Beogh smites you!
You die...

# .. # ... ##.# ....
..#.##.# .....
###....#.#
#...o##........#
#..ooo@........#
#######.##.##..#
#.....#'##..#..########
#...........#.........#
#........†............#
#####......#..........#
#......#..........#
########
###.#####.....)....
#......# #.#
##....÷)....


You could see an orc priest and 3 orcs.

Vanquished Creatures
  Terence (D:3)
  2 adders (D:2)
  A dart slug (D:1)
  4 orcs (D:3)
  4 endoplasms
  2 giant cockroaches
  3 goblins
  3 hobgoblins
  A quokka (D:3)
  5 ball pythons
  3 bats
  A frilled lizard (D:1)
  2 rats (D:1)
32 creatures vanquished.

Notes
Turn   | Place    | Note
-------+----------+-------------------------------------------
     0 | D:1      | Sin92 the Demonspawn Fighter began the quest for the Orb.
     0 | D:1      | Reached XP level 1. HP: 18/18 MP: 1/1
   481 | D:1      | Gained mutation: You have large cloven feet. [demonic
                  | ancestry]
   481 | D:1      | Reached XP level 2. HP: 24/24 MP: 2/2
  1322 | D:2      | Gained mutation: You are partially covered in yellow
                  | scales. (AC +2) [demonic ancestry]
  1322 | D:2      | Reached XP level 3. HP: 3/29 MP: 3/3
  1748 | D:2      | You fall into a shaft and drop 1 floor!
  1874 | D:3      | Found Irchio's Assorted Antiques.
  1977 | D:3      | Noticed Terence
  1982 | D:3      | Killed Terence
  1983 | D:3      | Reached skill level 1 in Dodging
  1983 | D:3      | Gained mutation: You are mostly covered in yellow scales.
                  | (AC +3) [demonic ancestry]
  1983 | D:3      | Reached XP level 4. HP: 14/35 MP: 4/4
  1990 | D:3      | Killed from afar by an orc priest

Illustrated notes

Levels and vault maps discovered:
D:1:      dpeg_arrival_rooms_b, layout_basic
D:2:      layout_basic
D:3:      layout_basic, nemelex_altar_shiori, serial_shops,
          nicolae_shop_behind_doors, ebering_ecumenical_altar_box, uniq_terence

Skill      XL: |  1  2  3 |
---------------+----------+-----
Axes           | 2 |  2.8
Armour         | 3 |  3.1
Shields        | 3 |  3.1
Dodging        | 1 |  1.1
Fighting       | |  3.3

Action                   |  1- 3 |  4- 6 || total
-------------------------+-------+-------++-------
Melee: War axe           |    73 |     8 ||    81
       Kick              |    11 |     3 ||    14
  Use: Potion            |     2 |       ||     2
Armor: Scale mail        |    37 |     5 ||    42
Dodge: Dodged            |    15 |     3 ||    18
Block: Kite shield       |    35 |     1 ||    36

Table legend: (Time is in decaauts)
 A = Elapsed time spent in this place.
 B = Non-inter-level travel time spent in this place.
 C = Inter-level travel time spent in this place.
 D = Time resting spent in this place.
 E = Time spent auto-exploring this place.
 F = Levels seen in this place.
 G = Mean time per level.
                   A        B        C        D        E       F      G
               +--------+--------+--------+--------+--------+-----+--------+
         Total |   2021 |   1950 |     71 |    430 |   1308 |   3 |  673.7 |
       Dungeon |   2021 |   1950 |     71 |    430 |   1308 |   3 |  673.7 |
               +--------+--------+--------+--------+--------+-----+--------+

Top non-repeatable levels by time:
     D:1: 1313 daAuts
     D:2: 450 daAuts
     D:3: 257 daAuts
